 Dungeon Crawl Stone Soup version 0.30.0-17-ge0270778cf (webtiles) character file.

Game seed: 7084703283671995096

2072 Daunt the Fighter (level 9, 0/95 HPs)
             Began as a Hill Orc Hunter on May 21, 2023.
             Slain by a wyvern (13 damage)
             ... on level 6 of the Dungeon.
             The game lasted 00:10:57 (5108 turns).

Daunt the Fighter (Hill Orc Hunter)                 Turns: 5108, Time: 00:10:58

Health: 0/95       AC:  8    Str: 18    XL:     9   Next: 26%
Magic:  9/9        EV: 12    Int:  9    God:
Gold:   161        SH:  0    Dex: 20    Spells: 8/8 levels left

rFire   . . .        a - +0 shortbow
rCold   . . .        (shield currently unavailable)
rNeg    . . .        m - +0 leather armour
rPois   .            (no helmet)
rElec   .            E - +0 cloak
rCorr   .            (no gloves)
SInv    .            (no boots)
Will    .....        (no amulet)
Stlth   ++           C - ring of the Good {Fly AC+4}
HPRegen 0.35/turn    y - +6 ring of dexterity
MPRegen 0.11/turn

%: no passive effects
@: flying
A: no striking features
a: no special abilities


You were on level 6 of the Dungeon.
You visited 1 branch of the dungeon, and saw 6 of its levels.

You collected 161 gold pieces.

Inventory:

Hand Weapons
 a - a +0 shortbow (weapon)
 h - a +0 arbalest
 u - a +0 sling
 w - a +0 hand axe
Missiles
 g - 9 poisoned darts
 n - 6 boomerangs
 p - 28 stones
 t - 5 curare-tipped darts
 A - 2 silver boomerangs
Armour
 c - a +0 leather armour
 m - a +0 leather armour (worn)
 x - a +0 scale mail
 E - a +0 cloak (worn)
Jewellery
 o - a ring of resist corrosion
 s - a ring of protection from cold
 v - a ring of willpower
 y - a +6 ring of dexterity (right hand)
 C - the ring of the Good (left hand) {Fly AC+4}
   (You found it on level 5 of the Dungeon)

   [ring of protection]

   AC:        It affects your AC (+4).
   Fly:       It grants you flight.
Wands
 l - a wand of polymorph (7)
 G - a wand of quicksilver (5)
Scrolls
 b - a scroll of immolation
 d - a scroll of enchant armour
 e - 4 scrolls of teleportation
 f - 2 scrolls of blinking {unknown}
 k - a scroll of fear {unknown}
 q - a scroll of poison {unknown}
 r - 3 scrolls of fog {unknown}
 B - a scroll of silence {unknown}
 F - 2 scrolls of amnesia {unknown}
 J - a scroll of acquirement {unknown}
Potions
 j - 2 potions of brilliance
 z - a potion of resistance
 D - a potion of attraction
 H - 2 potions of haste
 I - a potion of cancellation {unknown}


   Skills:
 + Level 14.1 Fighting
 - Level 3.6 Ranged Weapons
 - Level 1.5 Dodging
 - Level 0.7 Stealth


You had 8 spell levels left.
You didn't know any spells.
Your spell library contained the following spells:

 Spells                   Type           Power      Damage    Failure   Level
 Blink                    Tloc           0%         N/A       58%         2
 Lesser Beckoning         Tloc           0%         N/A       58%         2
 Momentum Strike          Conj/Tloc      0%         3d8       58%         2
 Frozen Ramparts          Ice            0%         1d1       82%         3
 Ozocubu's Armour         Ice            0%         N/A       82%         3
 Ice Form                 Ice/Tmut       0%         N/A       99%         4
 Summon Ice Beast         Ice/Summ       0%         N/A       99%         4
 Ozocubu's Refrigeration  Ice            0%         4d7       100%        7


Dungeon Overview and Level Annotations

Branches:
Dungeon (6/15)
 Temple: D:4-7

Altars:
Trog
Wu Jian
Xom

Shops:
D:3 :   D:6 :

Annotations:
D:2 1 runed translucent door, Crazy Yiuf
D:3 Grinder, Sigmund
D:6 1 runed translucent door, Eustachio; Rangus's ghost, novice GnWn


Message History

You shoot an arrow.
The arrow hits the wyvern but does no damage.
The wyvern is heavily wounded.
The wyvern bites you! The wyvern barely misses you.
You are too injured to fight recklessly!
You are too injured to fight recklessly!
You are too injured to fight recklessly!
You are too injured to fight recklessly!
Fire: a) +0 shortbow
Press: ? - help, Q - select action, (/) - cycle Shift-Dir - straight line, f/p - wyvern
Aim: a wyvern (heavily wounded, 70% to hit)
You shoot an arrow. The arrow hits the wyvern.
The wyvern is severely wounded.
The wyvern closely misses you. The wyvern barely misses you.
Unknown command.
Fire: a) +0 shortbow
Press: ? - help, Q - select action, (/) - cycle Shift-Dir - straight line, f/p - wyvern
Aim: a wyvern (severely wounded, 70% to hit)
You shoot an arrow.
The arrow hits the wyvern but does no damage.
The wyvern is severely wounded.
The wyvern bites you but does no damage.
The wyvern bites you!
* * * LOW HITPOINT WARNING * * *
Unknown command.
Fire: a) +0 shortbow
Press: ? - help, Q - select action, (/) - cycle Shift-Dir - straight line, f/p - wyvern
Aim: a wyvern (severely wounded, 70% to hit)
You shoot an arrow. The arrow hits the wyvern!
The wyvern is almost dead.
The wyvern completely misses you. The wyvern bites you!
* * * LOW HITPOINT WARNING * * *
Unknown command.
Fire: a) +0 shortbow
Press: ? - help, Q - select action, (/) - cycle Shift-Dir - straight line, f/p - wyvern
Aim: a wyvern (almost dead, 70% to hit)
You shoot an arrow. The arrow hits the wyvern.
The wyvern is almost dead.
The wyvern bites you!
You die...

...........<.....##...........#
#...<.................###.....#
######................# #.....#
#...#####..####..# #######
#...# #.##..#### #...# ### ...#
#...####### ...+
###....##..##l.# .
#......#....@#
#.###.#.##.#....##
...<.......##..##
#.###.#.##.##'## #
##.#.####..## #......#....#
#.###..)....# #.###..##..#+
#.##....####


You could see a wyvern.

Vanquished Creatures
  7 yaks
  2 ogres
  A bullfrog (D:5)
  4 scorpions
  2 howler monkeys
  4 hounds
  2 jellies (D:6)
  An orc priest (D:6)
  A sleepcap (D:5)
  Terence (D:2)
  Natasha (D:3)
  An iguana (D:5)
  An orc wizard (D:6)
  3 gnolls
  7 adders
  A shadow imp (D:5)
  3 dart slugs
  14 orcs
  3 ball pythons
  9 endoplasms
  6 giant cockroaches
  7 hobgoblins
  2 quokkas
  8 bats
  5 frilled lizards
  4 goblins
  8 kobolds
  2 rats
110 creatures vanquished.

Notes
Turn   | Place    | Note
-------+----------+-------------------------------------------
     0 | D:1      | Daunt the Hill Orc Hunter began the quest for the Orb.
     0 | D:1      | Reached XP level 1. HP: 18/18 MP: 1/1
    45 | D:1      | Reached skill level 3 in Fighting
    45 | D:1      | Reached XP level 2. HP: 26/26 MP: 2/2
   376 | D:1      | Reached skill level 4 in Fighting
   399 | D:1      | Reached XP level 3. HP: 33/33 MP: 3/3
  1221 | D:2      | Reached skill level 5 in Fighting
  1225 | D:2      | Found a faded altar of an unknown god.
  1348 | D:2      | Reached XP level 4. HP: 42/42 MP: 4/4
  1554 | D:2      | Noticed Terence
  1561 | D:2      | Killed Terence
  2110 | D:2      | Found a runed translucent door.
  2111 | D:2      | Noticed Crazy Yiuf
  2282 | D:3      | Found Jadis's Book Shop.
  2366 | D:3      | Noticed Natasha
  2375 | D:3      | Killed Natasha
  2376 | D:3      | Reached skill level 6 in Fighting
  2376 | D:3      | Reached XP level 5. HP: 39/50 MP: 5/5
  2447 | D:3      | Noticed Grinder
  2573 | D:4      | Reached skill level 7 in Fighting
  2882 | D:4      | Reached XP level 6. HP: 60/60 MP: 6/6
  3382 | D:5      | Entered Level 5 of the Dungeon
  3423 | D:5      | Reached skill level 8 in Fighting
  3535 | D:5      | Noticed a yak
  3535 | D:5      | Noticed a yak
  3614 | D:5      | Found an ornate altar of the Wu Jian Council.
  3632 | D:5      | Identified the ring of the Good {Fly AC+4}
  3648 | D:5      | Found a bloodstained altar of Trog.
  3709 | D:5      | Reached XP level 7. HP: 62/69 MP: 7/7
  3713 | D:5      | Reached skill level 9 in Fighting
  3851 | D:3      | Noticed Sigmund
  4062 | D:6      | Found Dotemum's Antique Armour Emporium.
  4066 | D:6      | Found Mociph's Book Boutique.
  4110 | D:6      | Reached skill level 10 in Fighting
  4120 | D:6      | Noticed Eustachio
  4139 | D:6      | Found a runed translucent door.
  4139 | D:6      | Found a shimmering altar of Xom.
  4139 | D:6      | Noticed a +0 falchion of chaos
  4139 | D:6      | Noticed Rangus's ghost (novice GnWn)
  4243 | D:6      | Noticed a yak
  4321 | D:5      | Noticed a yak
  4398 | D:5      | Killed a yak
  4399 | D:5      | Reached skill level 11 in Fighting
  4399 | D:5      | Reached XP level 8. HP: 62/82 MP: 8/8
  4413 | D:5      | Killed a yak
  4422 | D:5      | Killed a yak
  4423 | D:5      | Reached skill level 12 in Fighting
  4747 | D:6      | Noticed a yak
  4747 | D:6      | Noticed a yak
  4750 | D:6      | Noticed a yak
  4761 | D:5      | Killed a yak
  4811 | D:5      | Killed a yak
  4812 | D:5      | Reached skill level 13 in Fighting
  4812 | D:5      | Reached XP level 9. HP: 75/93 MP: 9/9
  5081 | D:6      | Reached skill level 14 in Fighting
  5108 | D:6      | Slain by a wyvern

Illustrated notes

Levels and vault maps discovered:
D:1:      minmay_arrival_stair_chambers, layout_loops_corners,
          serial_bayou_ford_a, minmay_heptomino_h4
D:2:      layout_basic, basic_ecumenical_altar, uniq_terence,
          uniq_crazy_yiuf_cottage
D:3:      minmay_goblin_kobold_castle, layout_rooms, serial_shops, shop,
          uniq_sigmund, uniq_natasha, uniq_grinder, uniq_robin
D:4:      layout_basic, minmay_misc_feat_cross, grunt_decor_mini_mirrors,
          dreamdust_mushroom_princess
D:5:      layout_rooms, mainiacjoe_overflow_big_doors
D:6:      minmay_bubble_buster, layout_loops_cross, ebering_ghost_xom,
          serial_shops, nicolae_square_shop, shop, shop,
          nicolae_shop_bloodbath_and_beyond, nicolae_diamond_shop, uniq_maggie,
          uniq_eustachio

Skill      XL: |  1  2  3  4  5  6  7  8  9 |
---------------+----------------------------+-----
Fighting       | 3 4 5 6 7 8 11 13 14 | 14.1
Ranged Weapons | |  3.6
Dodging        | |  1.5
Stealth        | |  0.7

Action                     |  1- 3 |  4- 6 |  7- 9 || total
---------------------------+-------+-------+-------++-------
   Fire: Shortbow          |   119 |   214 |   165 ||   498
    Use: Potion            |       |     2 |     2 ||     4
         Scroll            |       |       |     6 ||     6
 Armour: Leather armour    |    14 |    40 |    33 ||    87
         Skin              |       |    32 |       ||    32
  Dodge: Dodged            |    23 |    76 |    77 ||   176
